 Dungeon Crawl Stone Soup version 0.27.0-1-g7a089689b8 (webtiles) character file.

Game seed: 12523350430833213096

405 ABBCCCDDDD the Sneak (level 6, -1/48 HPs)
             Began as a Deep Elf Fire Elementalist on Aug 9, 2021.
             Slain by Grinder (4 damage)
             ... on level 4 of the Dungeon.
             The game lasted 00:10:34 (4909 turns).

ABBCCCDDDD the Sneak (Deep Elf Fire Elementalist)   Turns: 4909, Time: 00:10:35

Health: -1/48      AC:  4    Str:  5    XL:     6   Next: 56%
Magic:  6/13       EV: 12    Int: 22    God:
Gold:   63         SH:  0    Dex: 15    Spells: 8/12 levels left

rFire    . . .     SeeInvis .   u - +1 short sword (venom)
rCold    . . .     Faith    .   (no shield)
rNeg     . . .     Spirit   .   e - +0 leather armour
rPois    .         Reflect  .   (no helmet)
rElec    .         Harm     .   l - +0 cloak
rCorr    .         Rampage  .   (no gloves)
Will     .....                  (no boots)
Stlth    ..........             (no amulet)
HPRegen  0.16/turn              (no ring)
MPRegen  0.13/turn              (no ring)

@: berserking, very quick
A: no striking features
a: no special abilities


You were on level 4 of the Dungeon.
You visited 1 branch of the dungeon, and saw 4 of its levels.

You collected 133 gold pieces.
You spent 70 gold pieces at shops.

Inventory:

Hand Weapons
 g - a +0 dagger
 p - a +3 flail of protection
 t - a +3 spear
 u - a +1 short sword of venom (weapon)
Armour
 a - a +0 robe
 e - a +0 leather armour (worn)
 k - a +0 buckler
 l - a +0 cloak (worn)
Wands
 q - a wand of iceblast (10)
 s - a wand of acid (3)
Scrolls
 c - 2 scrolls of identify
 d - 2 scrolls of vulnerability
 f - a scroll of enchant armour
 i - a scroll of magic mapping
 m - a scroll of fear
 n - a scroll of immolation {unknown}
 o - 2 scrolls of amnesia {unknown}
Potions
 b - a potion of flight {unknown}
 h - a potion of berserk rage
 j - 2 potions of lignification
 r - a potion of attraction {unknown}


   Skills:
 - Level 3.0 Dodging
 + Level 4.6 Stealth
 * Level 2.6 Shields
 - Level 3.5 Spellcasting
 - Level 2.0 Conjurations
 - Level 2.0 Summonings
 - Level 3.7 Fire Magic
 - Level 2.0 Air Magic
 - Level 2.0 Poison Magic


You had 8 spell levels left.
You knew the following spells:

 Your Spells              Type           Power      Damage    Failure   Level
a - Foxfire               Conj/Fire      64%        2x1d7     6%          1
b - Summon Small Mammal   Summ           48%        N/A       9%          1
c - Poisonous Vapours     Pois/Air       24%        N/A       13%         2

Your spell library contained the following spells:

 Spells                   Type           Power      Damage    Failure   Level
 Sting                    Tmut/Pois      32%        1d4       13%         1
 Conjure Flame            Conj/Fire      16%        6-21      19%         3
 Call Canine Familiar     Summ           12%        N/A       26%         3
 Inner Flame              Hex/Fire       12%        N/A       26%         3
 Dazzling Flash           Conj/Hex       16%        N/A       36%         3
 Summon Guardian Golem    Hex/Summ       8%         N/A       36%         3
 Sticky Flame             Conj/Fire      16%        2d4       52%         4
 Olgreb's Toxic Radiance  Pois           12%        N/A       65%         4
 Iskenderun's Mystic Bla  Conj/Tloc      8%         2d4       78%         4
 Fireball                 Conj/Fire      8%         3d6       86%         5
 Starburst                Conj/Fire      8%         8x6d4     100%        6
 Chain Lightning          Conj/Air       6%         3d8       100%        9
 Fire Storm               Conj/Fire      8%         8d2       100%        9


Dungeon Overview and Level Annotations

Branches:
Dungeon (4/15)
 Temple: D:4-7

Altars:
Fedhas
Qazlal

Shops:
D:2 *[?(

Annotations:
D:2 exclusion: iguana
D:4 Grinder


Message History

Grinder is moderately wounded.
The foxfire hits Grinder.
Grinder is heavily wounded.
Casting: Foxfire (safe; 6% risk of failure)
Confirm with . or Enter, or press ? or * to list all spells.
You conjure some foxfire!
The foxfire hits the hobgoblin.
The hobgoblin is severely wounded.
Casting: Foxfire (safe; 6% risk of failure)
Confirm with . or Enter, or press ? or * to list all spells.
You conjure some foxfire!
The foxfire hits Grinder.
Grinder is heavily wounded.
The foxfire hits Grinder.
Grinder is severely wounded.
Grinder gestures at you.
You suddenly lose the ability to move!
The foxfire hits the hobgoblin.
The hobgoblin is severely wounded.
The foxfire hits the hobgoblin.
You kill the hobgoblin!
Grinder barely misses you.
Grinder blinks!
Your magical contamination has completely faded away.
Grinder hits you!
You writhe in agony.
Grinder hits you!
You writhe in agony.
Grinder says, "Just stop there for a second..."
Grinder hits you!
* * * LOW HITPOINT WARNING * * *
You can move again.
A red film seems to cover your vision as you go berserk!
You feel yourself moving faster!
You feel mighty! Grinder closely misses you.
You hit Grinder.
Grinder is severely wounded.
Grinder blinks!
You feel a strong urge to attack something.
You hit Grinder.
Grinder is poisoned.
Grinder is almost dead.
Grinder says, "There's only one good use for a tongue: cutting it out."
Grinder hits you.
* * * LOW HITPOINT WARNING * * *
You writhe in agony.
You die...

#####.#..#.#.#........#
#.##.#.#.#........#
#.##...#.#.....#'##
#.###..#.#####.#.# #.#
#..#.........# #.#
##.#.##.....## #.#
#...##.....#
###.#####..#!.....#
#.........>...@5..#
#.#.########.###'##
###+#.# #)# #.# ......#
#.# #.# ......# #.# #.#
......# #.# #.# ......#
#.# #+# ###'#.# #.#
#.#.# #...$K...


You could see Grinder (very poisoned).

Vanquished Creatures
  An ogre (D:3)
  A scorpion (D:4)
  A hound (D:4)
  2 orc priests (D:3)
  An iguana (D:4)
  An orc wizard (D:3)
  A hound skeleton (D:2)
  3 adders
  An adder skeleton (D:4)
  2 worms (D:3)
  2 dart slugs
  15 orcs
  3 ball pythons
  8 bats
  3 endoplasms
  A giant cockroach (D:2)
  A goblin (D:1)
  4 hobgoblins
  2 jackals (D:2)
  A quokka (D:2)
  4 frilled lizards
  10 kobolds
  4 rats
72 creatures vanquished.

Vanquished Creatures (collateral kills)
  2 foxfires (D:3)
2 creatures vanquished.

Vanquished Creatures (others)
  344 foxfires
344 creatures vanquished.

Grand Total: 418 creatures vanquished

Notes
Turn   | Place    | Note
-------+----------+-------------------------------------------
     0 | D:1      | ABBCCCDDDD the Deep Elf Fire Elementalist began the quest
                  | for the Orb.
     0 | D:1      | Reached XP level 1. HP: 10/10 MP: 6/6
   261 | D:1      | Reached XP level 2. HP: 15/15 MP: 4/8
  1263 | D:2      | Found Darpharoa's Weapon Shop.
  1469 | D:2      | Found Bekkueko's General Store.
  1478 | D:2      | Reached skill level 3 in Stealth
  1478 | D:2      | Reached XP level 3. HP: 19/19 MP: 1/9
  1560 | D:2      | Bought a potion of lignification for 42 gold pieces
  1576 | D:2      | Found a faded altar of an unknown god.
  1783 | D:2      | Found Dotec's Magic Scroll Boutique.
  2103 | D:2      | Learned a level 1 spell: Summon Small Mammal
  2106 | D:2      | Learned a level 2 spell: Poisonous Vapours
  2261 | D:2      | Found Leluiqep's Antique Armour Boutique.
  2434 | D:3      | Found a blossoming altar of Fedhas.
  2450 | D:3      | Reached XP level 4. HP: 24/24 MP: 4/11
  2457 | D:3      | Reached skill level 1 in Shields
  2457 | D:3      | Reached skill level 1 in Poison Magic
  2578 | D:3      | Noticed an ogre
  2595 | D:3      | Reached skill level 1 in Summonings
  2595 | D:3      | Reached skill level 1 in Air Magic
  2608 | D:3      | Killed an ogre
  2609 | D:3      | Reached XP level 5. HP: 28/28 MP: 5/12
  2870 | D:3      | Reached skill level 4 in Stealth
  3133 | D:2      | Bought a scroll of identify for 28 gold pieces
  3603 | D:3      | Reached XP level 6. HP: 31/32 MP: 6/13
  4345 | D:4      | Found a stormy altar of Qazlal.
  4883 | D:4      | Noticed Grinder
  4899 | D:4      | Paralysed by Grinder for 6 turns
  4909 | D:4      | Slain by Grinder

Illustrated notes

Levels and vault maps discovered:
D:1:      minmay_arrival_open_corners, layout_basic
D:2:      layout_loops_ring, ebering_ecumenical_altar_rust, serial_shops, shop,
          shop, shop, nicolae_square_shop
D:3:      minmay_recursive_quarters, layout_basic, mainiacjoe_overflow_chevrons,
          hangedman_decor_slide_cut, chequers_serial_rivers_room_a
D:4:      layout_basic, lemuel_crystal_altar, minmay_diced_spiral, uniq_grinder

Skill      XL: |  1  2  3  4  5  6 |
---------------+-------------------+-----
Stealth        | 3 4 |  4.6
Dodging        | 3 |  3.0
Conjurations   | 2 |  2.0
Shields        | 1 2 |  2.6
Poison Magic   | 1 2 |  2.0
Summonings     | 1 2 |  2.0
Air Magic      | 1 2 |  2.0
Spellcasting   | |  3.5
Fire Magic     | |  3.7

Action                   |  1- 3 |  4- 6 || total
-------------------------+-------+-------++-------
Melee: Spear             |     1 |       ||     1
       Short sword       |       |     2 ||     2
 Cast: Foxfire           |   116 |   115 ||   231
  Use: Scroll            |       |     5 ||     5
       Potion            |       |     1 ||     1
Armor: Robe              |     1 |       ||     1
       Leather armour    |     3 |     4 ||     7
Dodge: Dodged            |    12 |     9 ||    21
